BSA
ORLANDO CALRISSIAN @ BEECH MOUNTAIN MOUNTAINEERS
07/06/2028
 
TOP OF THE 1ST
Orlando Calrissian batting - Pitching for Beech Mountain Mountaineers : RHP Yong-hoon Park
Pitching: RHP Yong-hoon Park
Batting: RHB José Pérez 0-0: Ball
1-0: Ground out 5-3 (Groundball, 56)
Batting: RHB Frederico Hernández 0-0: Ball
1-0: Foul Ball, location: 2F
1-1: Ball
2-1: Called Strike
2-2: Foul Ball, location: 2F
2-2: Ball
3-2: Ground out 6-3 (Groundball, 6)
Batting: RHB Rich Anderson 0-0: Called Strike
0-1: Swinging Strike
0-2: Ball
1-2: Foul Ball, location: 2F
1-2: Fly out, F9 (Flyball, 9LS)
Top of the 1st over - 0 run(s), 0 hit(s), 0 error(s), 0 left on base; Orlando 0 - Beech Mountain 0
BOTTOM OF THE 1ST
Beech Mountain Mountaineers batting - Pitching for Orlando Calrissian : RHP Dave Heath
Pitching: RHP Dave Heath
Batting: RHB R.J. Parker 0-0: Called Strike
0-1: Called Strike
0-2: Ball
1-2: Ball
2-2: Ball
3-2: Base on Balls
Batting: SHB Miguel González 0-0: Foul Ball, location: 2F
0-1: Ball
1-1: Foul Ball, location: 2F
1-2: Ball
2-2: Grounds into double play, 3-6-3 (Groundball, 34)
Batting: SHB Juan Castro 0-0: Fly out, F6 (Popup, 5D)
Bottom of the 1st over - 0 run(s), 0 hit(s), 0 error(s), 0 left on base; Orlando 0 - Beech Mountain 0
TOP OF THE 2ND
Orlando Calrissian batting - Pitching for Beech Mountain Mountaineers : RHP Yong-hoon Park
Batting: RHB Raúl Canó 0-0: Ball
1-0: Ball
2-0: Called Strike
2-1: Ball
3-1: Swinging Strike
3-2: Strikes out looking
Batting: LHB Santiago Márquez 0-0: Swinging Strike
0-1: DOUBLE (Line Drive, 9LM)
Batting: RHB Júlio Negrón 0-0: Ball
1-0: Called Strike
1-1: Swinging Strike
1-2: SINGLE (Groundball, 56D)
Santiago Márquez to third
Batting: SHB Brian Price 0-0: Ball
1-0: Called Strike
1-1: SINGLE (Line Drive, 34)
Santiago Márquez scores
Júlio Negrón to second
Batting: RHB Jesús Gonzáles 0-0: Called Strike
0-1: Swinging Strike
0-2: Ball
1-2: Strikes out looking
Batting: SHB Jaime Montés 0-0: Foul Ball, location: 2F
0-1: Ball
1-1: Swinging Strike
1-2: SINGLE (Groundball, 56D)
Júlio Negrón to third
Brian Price to second
Runner from 3rd tries for Home, SAFE, no throw
Batting: RHB José Pérez 0-0: Swinging Strike
0-1: Ball
1-1: Called Strike
1-2: Ground out 1-3 (Groundball, 15S)
Top of the 2nd over - 2 run(s), 4 hit(s), 0 error(s), 2 left on base; Orlando 2 - Beech Mountain 0
BOTTOM OF THE 2ND
Beech Mountain Mountaineers batting - Pitching for Orlando Calrissian : RHP Dave Heath
Batting: LHB Robert Phillips 0-0: Called Strike
0-1: Called Strike
0-2: Ball
1-2: Ball
2-2: Foul Ball, location: 2F
2-2: Hit by Pitch
Batting: RHB John Anderson 0-0: Called Strike
0-1: SINGLE (Groundball, 6D)
Robert Phillips to second
Batting: LHB Pedro Gonzáles 0-0: Ball
1-0: SINGLE (Line Drive, 8RS)
Robert Phillips to third
John Anderson to second
Batting: RHB Jesús Cruz 0-0: Ball
1-0: Ball
2-0: Ball
3-0: Base on Balls
Robert Phillips scores
John Anderson to third
Pedro Gonzáles to second
Batting: LHB Tommy Payne 0-0: Called Strike
0-1: Foul Ball, location: 2F
0-2: Strikes out swinging
Batting: RHB Boyd Pittman 0-0: Hit by Pitch
John Anderson scores
Pedro Gonzáles to third
Jesús Cruz to second
Batting: RHB R.J. Parker 0-0: Called Strike
0-1: Grounds into fielders choice 1-2 (Groundball, 15S)
Jesús Cruz to third
Boyd Pittman to second
Batting: SHB Miguel González 0-0: Ball
1-0: Foul Ball, location: 2F
1-1: Foul Ball, location: 2F
1-2: SINGLE (Groundball, 34D)
Jesús Cruz scores
Boyd Pittman to third
R.J. Parker to second
Runner from 3rd tries for Home, SAFE, no throw
Batting: SHB Juan Castro 0-0: Ball
1-0: Called Strike
1-1: Foul Ball, location: 2F
1-2: Ball
2-2: 3-RUN HOME RUN (Flyball, 8LXD), Distance : 408 ft
Batting: LHB Robert Phillips 0-0: Ball
1-0: Called Strike
1-1: Called Strike
1-2: Strikes out swinging
Bottom of the 2nd over - 7 run(s), 4 hit(s), 0 error(s), 0 left on base; Orlando 2 - Beech Mountain 7
TOP OF THE 3RD
Orlando Calrissian batting - Pitching for Beech Mountain Mountaineers : RHP Yong-hoon Park
Batting: RHB Frederico Hernández 0-0: Called Strike
0-1: Ball
1-1: Called Strike
1-2: Ball
2-2: Foul Ball, location: 2F
2-2: Fly out, F9 (Flyball, 9S)
Batting: RHB Rich Anderson 0-0: Ball
1-0: Foul Ball, location: 2F
1-1: Ball
2-1: Ball
3-1: Ground out 4-3 (Groundball, 34)
Batting: RHB Raúl Canó 0-0: Called Strike
0-1: Ball
1-1: DOUBLE (Line Drive, 8RD)
Batting: LHB Santiago Márquez 0-0: Foul Ball, location: 2F
0-1: Ball
1-1: Called Strike
1-2: SINGLE (Groundball, 4MD)
Raúl Canó to third
Runner from 3rd tries for Home, SAFE, no throw
Batting: RHB Júlio Negrón 0-0: Ball
1-0: Called Strike
1-1: Ground out 5-3 (Groundball, 56S)
Top of the 3rd over - 1 run(s), 2 hit(s), 0 error(s), 1 left on base; Orlando 3 - Beech Mountain 7
BOTTOM OF THE 3RD
Beech Mountain Mountaineers batting - Pitching for Orlando Calrissian : RHP Dave Heath
Pitching: LHP Pepe Caro
Batting: RHB John Anderson 0-0: Ball
1-0: Ball
2-0: Ball
3-0: Called Strike
3-1: Base on Balls
Batting: LHB Pedro Gonzáles 0-0: Ball
1-0: Called Strike
1-1: Ball
2-1: Swinging Strike
2-2: Foul Ball, location: 2F
2-2: Ball
3-2: Base on Balls
John Anderson to second
Batting: RHB Jesús Cruz 0-0: Swinging Strike
0-1: Called Strike
0-2: Foul Ball, location: 2F
0-2: Fly out, F8 (Flyball, 8LD)
Runner from 2nd tags up, SAFE at 3rd, no throw
Batting: LHB Tommy Payne 0-0: Called Strike
0-1: Ball
1-1: Ball
2-1: Ball
3-1: Swinging Strike
3-2: SINGLE (Line Drive, 34D)
John Anderson scores
Pedro Gonzáles to second
Pedro Gonzáles to third
Batting: RHB Boyd Pittman 0-0: Grounds into double play, 4-6-3 (Groundball, 4)
Bottom of the 3rd over - 1 run(s), 1 hit(s), 0 error(s), 1 left on base; Orlando 3 - Beech Mountain 8
TOP OF THE 4TH
Orlando Calrissian batting - Pitching for Beech Mountain Mountaineers : RHP Yong-hoon Park
Batting: SHB Brian Price 0-0: Called Strike
0-1: Swinging Strike
0-2: Ball
1-2: Foul Ball, location: 2F
1-2: Ball
2-2: Strikes out swinging
Batting: RHB Jesús Gonzáles 0-0: Swinging Strike
0-1: Swinging Strike
0-2: Ball
1-2: Strikes out swinging
Batting: SHB Jaime Montés 0-0: Ball
1-0: Swinging Strike
1-1: Foul Ball, location: 2F
1-2: Strikes out swinging
Top of the 4th over - 0 run(s), 0 hit(s), 0 error(s), 0 left on base; Orlando 3 - Beech Mountain 8
BOTTOM OF THE 4TH
Beech Mountain Mountaineers batting - Pitching for Orlando Calrissian : LHP Pepe Caro
Batting: RHB R.J. Parker 0-0: Ball
1-0: Called Strike
1-1: Called Strike
1-2: Ground out 5-3 (Groundball, 56)
Batting: SHB Miguel González 0-0: Ball
1-0: Ball
2-0: Ball
3-0: Base on Balls
Batting: SHB Juan Castro 0-0: Foul Ball, location: 2F
0-1: Foul Ball, location: 2F
0-2: Ball
1-2: Ground out 6-3 (Groundball, 6S)
Miguel González to second
Batting: LHB Robert Phillips 0-0: Called Strike
0-1: Fly out, F8 (Flyball, 8RD)
Bottom of the 4th over - 0 run(s), 0 hit(s), 0 error(s), 1 left on base; Orlando 3 - Beech Mountain 8
TOP OF THE 5TH
Orlando Calrissian batting - Pitching for Beech Mountain Mountaineers : RHP Yong-hoon Park
Batting: RHB José Pérez 0-0: Called Strike
0-1: Foul Ball, location: 2F
0-2: Ball
1-2: TRIPLE (Flyball, 89XD)
Batting: RHB Frederico Hernández 0-0: Ball
1-0: SINGLE (Line Drive, 7S)
José Pérez scores
Batting: RHB Rich Anderson 0-0: Ball
Frederico Hernández steals 2nd base
1-0: Ball
2-0: Foul Ball, location: 2F
2-1: Fly out, F9 (Flyball, 9S)
Batting: RHB Raúl Canó 0-0: Ball
1-0: Ball
2-0: DOUBLE (Line Drive, 9D)
Frederico Hernández scores
Pitching: RHP Bret McJannett
Batting: LHB Santiago Márquez 0-0: Ball
1-0: Swinging Strike
1-1: Foul Ball, location: 2F
1-2: Ball
2-2: Ball
3-2: Base on Balls
Batting: RHB Júlio Negrón 0-0: Ball
1-0: Swinging Strike
1-1: Ball
2-1: Foul Ball, location: 2F
2-2: Strikes out swinging
Batting: SHB Brian Price 0-0: Foul Ball, location: 2F
0-1: Foul Ball, location: 2F
0-2: Fielders Choice at 2nd, 4-6 (Groundball, 4)
Top of the 5th over - 2 run(s), 3 hit(s), 0 error(s), 1 left on base; Orlando 5 - Beech Mountain 8
BOTTOM OF THE 5TH
Beech Mountain Mountaineers batting - Pitching for Orlando Calrissian : LHP Pepe Caro
Batting: RHB John Anderson 0-0: SINGLE (Line Drive, 89S)
Batting: LHB Pedro Gonzáles 0-0: Ground out 3-1 (Groundball, 3)
John Anderson to second
Batting: RHB Jesús Cruz 0-0: Called Strike
0-1: Ball
1-1: Ball
2-1: Ball
3-1: Base on Balls
Batting: LHB Tommy Payne 0-0: Foul Ball, location: 2F
0-1: Ball
1-1: Called Strike
1-2: SINGLE (Flyball, 8RS)
John Anderson to third
Jesús Cruz to second
Batting: RHB Boyd Pittman 0-0: Ball
1-0: Grounds into fielders choice 4-2 (Groundball, 4M)
Jesús Cruz to third
Tommy Payne to second
Batting: RHB R.J. Parker 0-0: Ball
1-0: Foul Ball, location: 2F
1-1: Fielders Choice at 2nd, 5-4 (Groundball, 5)
Bottom of the 5th over - 0 run(s), 2 hit(s), 0 error(s), 2 left on base; Orlando 5 - Beech Mountain 8
TOP OF THE 6TH
Orlando Calrissian batting - Pitching for Beech Mountain Mountaineers : RHP Bret McJannett
Batting: RHB Jesús Gonzáles 0-0: Ball
1-0: Swinging Strike
1-1: Ball
2-1: DOUBLE (Flyball, 89XD)
Batting: SHB Jaime Montés 0-0: Ball
1-0: Called Strike
1-1: Ball
2-1: Called Strike
Throwing error on steal attempt, E2
Jesús Gonzáles scores
2-2: SINGLE (Groundball, 4MD)
Batting: RHB José Pérez 0-0: Ball
1-0: Called Strike
1-1: Foul Ball, location: 2F
1-2: Foul Ball, location: 2F
1-2: Ball
2-2: Foul Ball, location: 2F
2-2: Ball
3-2: Strikes out swinging
Batting: RHB Frederico Hernández 0-0: Ball
1-0: Ball
2-0: Ball
3-0: Called Strike
3-1: Base on Balls
Jaime Montés to second
Batting: RHB Rich Anderson 0-0: Ball
1-0: Foul Ball, location: 2F
1-1: Called Strike
1-2: Ball
2-2: Foul Ball, location: 2F
2-2: Ball
3-2: 3-RUN HOME RUN (Flyball, 7LD), Distance : 454 ft
Pitching: RHP Ramón Vélez
Batting: RHB Raúl Canó 0-0: Called Strike
0-1: Fly out, F4 (Line Drive, 4D)
Batting: LHB Santiago Márquez 0-0: SINGLE (Groundball, 4D)
Batting: RHB Júlio Negrón 0-0: Called Strike
0-1: Ball
1-1: Foul Ball, location: 2F
1-2: Ball
2-2: Foul Ball, location: 2F
2-2: Ball
3-2: SINGLE (Line Drive, 89S)
Santiago Márquez to second
Santiago Márquez to third
Batting: SHB Brian Price 0-0: Ball
1-0: Swinging Strike
1-1: Fielders Choice at 2nd, 4-6 (Groundball, 4)
Top of the 6th over - 4 run(s), 5 hit(s), 1 error(s), 1 left on base; Orlando 9 - Beech Mountain 8
BOTTOM OF THE 6TH
Beech Mountain Mountaineers batting - Pitching for Orlando Calrissian : LHP Pepe Caro
Batting: SHB Miguel González 0-0: Ball
1-0: Ball
2-0: Called Strike
2-1: Ball
3-1: Base on Balls
Pitching: RHP Lance Sanders
Batting: SHB Juan Castro 0-0: Called Strike
0-1: SINGLE (Line Drive, 56D)
Miguel González to second
Batting: LHB Robert Phillips 0-0: Fly out, F9 (Flyball, 9LS)
Batting: RHB John Anderson 0-0: Ball
1-0: Grounds into double play, 6-4-3 (Groundball, 6)
Bottom of the 6th over - 0 run(s), 1 hit(s), 0 error(s), 1 left on base; Orlando 9 - Beech Mountain 8
TOP OF THE 7TH
Orlando Calrissian batting - Pitching for Beech Mountain Mountaineers : RHP Ramón Vélez
Batting: RHB Jesús Gonzáles 0-0: Foul Ball, location: 2F
0-1: Ball
1-1: Swinging Strike
1-2: Ball
2-2: Ball
3-2: Fly out, F9 (Flyball, 9LDF)
Batting: SHB Jaime Montés 0-0: Ground out 4-3 (Groundball, 4)
Batting: RHB José Pérez 0-0: Ball
1-0: SOLO HOME RUN (Flyball, 78XD), Distance : 407 ft
Batting: RHB Frederico Hernández 0-0: Called Strike
0-1: Fly out, F9 (Flyball, 89M)
Top of the 7th over - 1 run(s), 1 hit(s), 0 error(s), 0 left on base; Orlando 10 - Beech Mountain 8
BOTTOM OF THE 7TH
Beech Mountain Mountaineers batting - Pitching for Orlando Calrissian : RHP Lance Sanders
Batting: LHB Pedro Gonzáles 0-0: Called Strike
0-1: Ball
1-1: Ground out 4-3 (Groundball, 4S)
Batting: RHB Jesús Cruz 0-0: Ball
1-0: Ball
2-0: Called Strike
2-1: Fly out, F3 (Popup, 34)
Batting: LHB Tommy Payne 0-0: Ball
1-0: Swinging Strike
1-1: Ball
2-1: Foul Ball, location: 2F
2-2: Foul Ball, location: 2F
2-2: Ball
3-2: Strikes out swinging
Bottom of the 7th over - 0 run(s), 0 hit(s), 0 error(s), 0 left on base; Orlando 10 - Beech Mountain 8
TOP OF THE 8TH
Orlando Calrissian batting - Pitching for Beech Mountain Mountaineers : RHP Ramón Vélez
Batting: RHB Rich Anderson 0-0: Ball
1-0: Called Strike
1-1: Foul Ball, location: 2F
1-2: Foul Ball, location: 2F
1-2: Ground out 6-3 (Groundball, 56)
Batting: RHB Raúl Canó 0-0: Ball
1-0: Foul Ball, location: 2F
1-1: Ball
2-1: Called Strike
2-2: Ball
3-2: Fly out, F9 (Flyball, 89M)
Pitching: RHP Matthew Scott
Batting: LHB Santiago Márquez 0-0: Ball
1-0: Called Strike
1-1: Foul Ball, location: 2F
1-2: Ball
2-2: Ball
3-2: SINGLE (Groundball, 34D)
Batting: RHB Júlio Negrón 0-0: Swinging Strike
0-1: Foul Ball, location: 2F
0-2: Ball
1-2: Strikes out swinging
Top of the 8th over - 0 run(s), 1 hit(s), 0 error(s), 1 left on base; Orlando 10 - Beech Mountain 8
BOTTOM OF THE 8TH
Beech Mountain Mountaineers batting - Pitching for Orlando Calrissian : RHP Lance Sanders
Batting: RHB Boyd Pittman 0-0: Ball
1-0: Foul Ball, location: 2F
1-1: Ball
2-1: Ball
3-1: Base on Balls
Pitching: RHP Jorge Jiménez
Batting: RHB R.J. Parker 0-0: Ball
1-0: Foul Ball, location: 2F
1-1: Ball
2-1: Ball
3-1: Called Strike
3-2: Base on Balls
Boyd Pittman to second
Pitching: LHP Mike Murray
Batting: SHB Miguel González 0-0: Ball
1-0: Swinging Strike
1-1: Ball
2-1: Swinging Strike
2-2: Ball
3-2: Fly out, F5 (Line Drive, 5L)
Batting: SHB Juan Castro 0-0: Called Strike
0-1: Called Strike
0-2: Ball
1-2: Ball
2-2: Ball
3-2: Fielders Choice at 2nd, 1-6 (Groundball, P)
Boyd Pittman to third
Batting: LHB Robert Phillips 0-0: Ball
1-0: Called Strike
1-1: Foul Ball, location: 2F
1-2: Ball
2-2: Strikes out swinging
Bottom of the 8th over - 0 run(s), 0 hit(s), 0 error(s), 2 left on base; Orlando 10 - Beech Mountain 8
TOP OF THE 9TH
Orlando Calrissian batting - Pitching for Beech Mountain Mountaineers : RHP Matthew Scott
Batting: SHB Brian Price 0-0: Ball
1-0: Foul Ball, location: 2F
1-1: Ball
2-1: Foul Ball, location: 2F
2-2: Ground out 4-3 (Groundball, 4)
Batting: RHB Jesús Gonzáles 0-0: Ball
1-0: Swinging Strike
1-1: Swinging Strike
1-2: Strikes out swinging
Batting: SHB Jaime Montés 0-0: Ball
1-0: Foul Ball, location: 2F
1-1: Ground out 6-3 (Groundball, 56)
Top of the 9th over - 0 run(s), 0 hit(s), 0 error(s), 0 left on base; Orlando 10 - Beech Mountain 8
BOTTOM OF THE 9TH
Beech Mountain Mountaineers batting - Pitching for Orlando Calrissian : LHP Mike Murray
Pitching: LHP Xavier Velázquez
Batting: RHB John Anderson 0-0: Foul Ball, location: 2F
0-1: Called Strike
0-2: Ball
1-2: Foul Ball, location: 2F
1-2: Fly out, F6 (Popup, 6D)
Batting: LHB Pedro Gonzáles 0-0: Fly out, F7 (Flyball, 78M)
Batting: RHB Jesús Cruz 0-0: Fly out, F8 (Flyball, 8LXD)
Bottom of the 9th over - 0 run(s), 0 hit(s), 0 error(s), 0 left on base; Orlando 10 - Beech Mountain 8
Tuesday, August 8th, 2017 - OOTP Baseball 17.12 Build 75